Cogmind - Beta 12 X1 @@@ ROGUE MODE // 2022.08.13 @ 10:54:59 Player: Momo Result: Destroyed by B-75 Beast with Heavy Machine Gun Performance ------------- Evolutions (3) 1500 Regions Visited (11) 2200 Robots Destroyed (68) 340 Value Destroyed (3417) 3417 Prototype IDs (20) 400 Alien Tech Used (0) 0 Bonus (3243) 3243 TOTAL SCORE: 11100 Bonus ------- Pacifist 200 High Alert Combat Kills 502 Follower Combat Kills 703 Entered Garrisons 400 Used RIF Installer 2000 Met Data Miner 300 Friendly Fire -862 Cogmind --------- Core Integrity 0/700 Matter 300/300 Energy 77/100 System Corruption 0% Temperature Cool (0) Movement Core (50) Location -6/Proximity Caves Parts ------- > --- POWER (1) -------- (None) > --- PROPULSION (3) --- (None) > --- UTILITY (6) ------ Hacking Suite Relay Coupler [Swarmer] (42) Relay Coupler [Brawler] (11) > --- WEAPON (3) ------- (None) > --- INVENTORY (5) ---- Advanced Energy Well (500) Advanced Energy Well (500) Advanced Particle Charger System Shield Peak State ------------ > --- POWER ------------ Light Deuterium Engine > --- PROPULSION ------- Enhanced Flexi-carbon Leg Improved Hover Unit Gravmag System > --- UTILITY ---------- Medium Storage Unit Core Analyzer Makeshift Armor Plating Experimental Thermal Shield Hacking Suite Hacking Suite > --- WEAPON ----------- Railgun Heavy Flail Great Maul > --- INVENTORY -------- Advanced Energy Well Advanced Energy Well Advanced Particle Charger Makeshift Hacking Suite System Shield Heavy Plasma Cannon Ion Burst Cannon Advanced Assault Cannon Mini Grenade Launcher Remote Datajack [Rating: 58] Favorites ----------- Power Light Deuterium Engine Engine Light Deuterium Engine Power Core Light Nuclear Core Propulsion Gravmag System Treads Light Treads Leg Enhanced Flexi-carbon Leg Hover Unit Gravmag System Utility Hacking Suite Device Experimental Thermal Shield Storage Medium Storage Unit Processor Core Analyzer Hackware Hacking Suite Protection Makeshift Armor Plating Weapon Mini Grenade Launcher Energy Gun Shock Rifle Energy Cannon Ion Burst Cannon Ballistic Gun Assault Rifle Ballistic Cannon Advanced Assault Cannon Launcher Mini Grenade Launcher Special Weapon Remote Datajack Impact Weapon Heavy Flail Build | -11 -10 -9 -9 -9 -8 -8 -7 -7 -7 -7 -6 ------- Run | Scr Mat Mat Sto Gar Mat Gar Fac Low Low Dat Pro Slots Evolved 6 | . . 2 . . 2 . 2 . . . . Power . | . . . . . . . . . . . . Propulsion 1 | . . 1 . . . . . . . . . Utility 4 | . . 1 . . 2 . 1 . . . . Weapon 1 | . . . . . . . 1 . . . . Parts Attached 77 | 1 1 5 17 8 3 4 8 2 7 10 11 Power 6 | . . . 3 1 . . 1 . . . 1 Engine 5 | . . . 3 . . . 1 . . . 1 Core 1 | . . . . 1 . . . . . . . Reactor . | . . . . . . . . . . . . Propulsion 21 | . 1 1 5 4 . 1 1 . 3 3 2 Treads 1 | . . . . . . . . . . . 1 Leg 4 | . . . . 2 . . . . . 1 1 Wheel . | . . . . . . . . . . . . Hover 16 | . 1 1 5 2 . 1 1 . 3 2 . Flight . | . . . . . . . . . . . . Utility 23 | . . 3 3 . 2 . 3 2 3 4 3 Device 4 | . . 1 . . . . . . 1 2 . Storage 2 | . . . 1 . . . . . . 1 . Processor 4 | . . . 2 . . . . 2 . . . Hackware 12 | . . 2 . . 2 . 3 . 2 . 3 Protection 1 | . . . . . . . . . . 1 . Artifact . | . . . . . . . . . . . . Weapon 27 | 1 . 1 6 3 1 3 3 . 1 3 5 Energy Gun 3 | . . 1 2 . . . . . . . . Energy Cannon 7 | . . . 1 2 . 2 . . . . 2 Ballistic Gun 3 | 1 . . 1 . . . . . . 1 . Ballistic Cannon 3 | . . . . . . . 1 . 1 . 1 Launcher 3 | . . . 2 . . . . . . . 1 Special Weapon 6 | . . . . 1 1 1 2 . . . 1 Impact Weapon 2 | . . . . . . . . . . 2 . Slashing Weapon . | . . . . . . . . . . . . Piercing Weapon . | . . . . . . . . . . . . Special Melee Weapon . | . . . . . . . . . . . . Unidentified Prototypes 6 | . . . 3 . . . . . . 3 . Parts Lost 29 | . . . 2 4 1 . 2 . . 4 16 Power 4 | . . . 1 . . . 1 . . . 2 Propulsion 15 | . . . 1 4 1 . 1 . . 3 5 Utility 5 | . . . . . . . . . . 1 4 Weapon 5 | . . . . . . . . . . . 5 Highest Loss Streak 9 | . . . 1 1 1 . 2 . . 4 9 To Critical Strikes . | . . . . . . . . . . . . Average Slot Usage (%) 86 | . 20 34 71 92 85 98 91 100 93 92 85 Engine 4 | . . . 3 10 . . 3 7 7 7 4 Core 1 | . . . . . 9 9 1 . . . . Leg 2 | . . . . 3 . . . . . 2 11 Hover 19 | . 6 11 24 26 23 25 18 23 23 16 . Device 1 | . . 5 . . . . . . . 3 6 Storage 6 | . . . . 11 9 9 7 7 7 7 5 Processor 3 | . . . 5 . . . . 6 8 7 6 Hackware 24 | . . 5 22 22 26 36 38 31 23 19 15 Protection 1 | . . . . . . . . . . 3 6 Energy Cannon 3 | . . . 3 6 1 6 . . . . 4 Ballistic Gun 1 | . 14 8 . . . . . . . 3 . Ballistic Cannon 2 | . . . . . . . 6 7 7 . 1 Launcher 6 | . . . 7 11 9 9 7 7 7 3 . Special Weapon 3 | . . . . . 7 2 5 7 7 . 4 Impact Weapon 1 | . . . . . . . . . . 13 7 Naked Turns . | . . . . . . . . . . . . Heaviest Build 41 | 2 2 3 14 24 24 24 30 25 25 35 41 Greatest Support 43 | 3 6 12 21 25 25 27 27 25 27 28 43 Greatest Overweight (x) 10 | . . . . 3 1 1 1 . . 10 1 Average Overweight (x) . | . . . . . . . . . . . . Largest Inventory Capacity 10 | 5 5 5 10 10 10 10 10 10 10 10 10 Average Capacity 9 | 5 5 5 5 10 10 10 10 10 10 10 9 Most Carried 10 | 1 2 5 5 10 10 9 10 10 10 10 10 Average Carried 7 | . 1 3 4 6 9 8 8 9 8 9 8 Final Capacity 10 | 5 5 5 10 10 10 10 10 10 10 10 5 Final Carried 10 | 1 2 5 5 10 9 9 10 10 10 10 4 Class Distribution -------------------- 33% | Commander-Mutant 31% | Hacker-Mutant 19% | Bothacker-Mutant 7% | Mutant 6% | Scavenger-Mutant Dominant Class ---------------- Mutant | -10/Materials Mutant | -9/Materials Hacker-Mutant | -9/Storage Hacker-Mutant | -9/Garrison Bothacker-Mutant | -8/Materials Bothacker-Mutant | -8/Garrison Commander-Mutant | -7/Factory Commander-Mutant | -7/Lower Caves Commander-Mutant | -7/Lower Caves Hacker-Mutant | -7/Data Miner Scavenger-Mutant | -6/Proximity Caves Resources | -11 -10 -9 -9 -9 -8 -8 -7 -7 -7 -7 -6 ----------- Run | Scr Mat Mat Sto Gar Mat Gar Fac Low Low Dat Pro Matter Collected 2070 | 210 . 73 241 288 33 310 38 179 233 202 263 Remotely . | . . . . . . . . . . . . Salvage Created 1871 | . . 132 289 457 . 352 33 44 139 152 273 Parts 122 | . . 11 26 39 1 19 2 1 10 4 9 Haulers Intercepted 1 | . . . 1 . . . . . . . . Recyclers Shooed 2 | . . 1 1 . . . . . . . . Parts Field Recycled . | . . . . . . . . . . . . Retrieved Matter . | . . . . . . . . . . . . Parts Self-Destructed 17 | . . . . . . . . 1 6 . 10 Prevented 1 | . . . . . . . . . . . 1 Kills | -11 -10 -9 -9 -9 -8 -8 -7 -7 -7 -7 -6 ------- Run | Scr Mat Mat Sto Gar Mat Gar Fac Low Low Dat Pro Combat Hostiles Destroyed 59 | . . 2 4 25 . 11 1 1 6 1 8 Guns 4 | . . 2 1 . . . . . . 1 . Cannons 12 | . . . . 1 . 4 1 . 2 . 4 AOE 42 | . . . 3 24 . 7 . 1 4 . 3 Classes Destroyed 14 | . . 2 4 3 . 2 . . 1 1 1 Worker 3 | . . . 2 . 1 . . . . . . Hauler 1 | . . . 1 . . . . . . . . Mechanic 1 | . . . . . . . . . . . 1 Operator 1 | . . . 1 . . . . . . . . Watcher 1 | . . 1 . . . . . . . . . Swarmer 15 | . . . . 8 . . . . 4 . 3 Cutter 2 | . . . . . . 2 . . . . . Grunt 26 | . . . 3 12 . 6 1 . . . 4 Brawler 1 | . . . . . . . . . . 1 . Duelist 1 | . . . . . . 1 . . . . . Sentry 6 | . . 2 1 . . 2 . 1 . . . Hunter 3 | . . . . 2 . . . . . . 1 Programmer 4 | . . . . 3 . . . . 1 . . Enhanced Grunt 1 | . . . . . . . . . . 1 . Mutant 1 | . . . . . . . . . 1 . . Best Kill Streak 6 | . . 1 4 6 1 6 1 1 4 1 5 Combat Bots Only 6 | . . 1 3 6 . 6 1 1 4 1 5 Max Kills in Single Turn 4 | . . 1 2 4 1 2 1 1 2 1 1 Gunslinging . | . . . . . . . . . . . . Exploded 4 | . . . 1 4 . 2 . 1 2 . 1 Melee . | . . . . . . . . . . . . Uniques/NPCs Destroyed 1 | . . . 1 . . . . . . . . 01-MTF (-9/Storage) Combat | -11 -10 -9 -9 -9 -8 -8 -7 -7 -7 -7 -6 -------- Run | Scr Mat Mat Sto Gar Mat Gar Fac Low Low Dat Pro Damage Taken 3690 | . 103 79 136 465 22 244 179 46 144 600 1672 Core 1021 | . 86 15 56 93 . 71 102 16 71 95 416 Absorbed by Shields . | . . . . . . . . . . . . Regen/Repaired (Parts) 80 | . . . . . . 68 12 . . . . Core Remaining (%) 77 | 100 65 . . 59 . 87 . . . . . Volleys Fired 217 | . . 21 13 38 7 32 22 2 24 17 41 Largest 2 | . . 1 2 2 1 1 1 2 1 1 1 Hottest 130 | . . 50 100 130 30 100 48 78 48 35 100 Shots Fired 222 | . . 21 14 40 7 32 22 4 24 17 41 Gun 52 | . . 21 9 . . . . . . 17 5 Cannon 68 | . . . 1 9 . 11 15 2 6 . 24 Launcher 60 | . . . 4 26 3 15 . 2 6 . 4 Special 42 | . . . . 5 4 6 7 . 12 . 8 Kinetic 81 | . . 17 1 . . . 15 2 6 17 23 Thermal 27 | . . . 1 9 . 11 . . . . 6 Explosive 60 | . . . 4 26 3 15 . 2 6 . 4 Electromagnetic 12 | . . 4 8 . . . . . . . . Robot Hit Streak 12 | . . 4 4 7 9 5 8 1 12 4 5 Robot Miss Streak 7 | . . 2 3 4 1 7 2 1 1 3 3 Penetration Max 1 | . . . . . . . . . . 1 . Secondary Targets . | . . . . . . . . . . . . Shots Hit Robots 133 | . . 13 9 19 6 16 13 2 16 12 27 Core Hits 125 | . . 7 15 38 3 20 3 4 9 5 21 Critical Kills . | . . . . . . . . . . . . Critical Parts Destroyed . | . . . . . . . . . . . . Critical Strikes 2 | . . 2 . . . . . . . . . Corrupt 2 | . . 2 . . . . . . . . . Melee Attacks 9 | . . . . . . . . . . 6 3 Impact 9 | . . . . . . . . . . 6 3 Slashing . | . . . . . . . . . . . . Piercing . | . . . . . . . . . . . . Sneak Attacks 1 | . . . . . . . . . . 1 . Combat Hostiles . | . . . . . . . . . . . . Follow-up Attacks . | . . . . . . . . . . . . Damage Inflicted 5883 | . . 186 580 1945 163 899 207 38 373 546 946 Guns 674 | . . 186 117 . . . . . . 267 104 Cannons 1017 | . . . 22 135 . 229 207 . 66 . 358 Explosions 3848 | . . . 441 1810 163 670 . 38 307 . 419 Melee 344 | . . . . . . . . . . 279 65 Ramming . | . . . . . . . . . . . . Kinetic 995 | . . 138 13 . . . 207 . 66 267 304 Thermal 544 | . . . 22 135 . 229 . . . . 158 Explosive 3848 | . . . 441 1810 163 670 . 38 307 . 419 Electromagnetic 152 | . . 48 104 . . . . . . . . Impact 344 | . . . . . . . . . . 279 65 Slashing . | . . . . . . . . . . . . Piercing . | . . . . . . . . . . . . Highest Corruption 1 | . . . . 1 . . . . . . . Average Corruption 1 | . . . . 1 . . . . . . . Corruption Purged . | . . . . . . . . . . . . Corruption Blocked . | . . . . . . . . . . . . Effects 2 | . . . . 2 . . . . . . . Heat Flow Errors 1 | . . . . 1 . . . . . . . Data Loss (minor) 1 | . . . . 1 . . . . . . . Overload Shots . | . . . . . . . . . . . . Overflow Damage 258 | . . . 2 52 . . . . 5 168 31 Projectiles 8 | . . . . . . . . . . . 8 Explosions 67 | . . . 2 52 . . . . 5 . 8 Melee 183 | . . . . . . . . . . 168 15 Knockbacks 6 | . . . . . . . 4 . . 1 1 Impact 1 | . . . . . . . . . . 1 . Kinetic 5 | . . . . . . . 4 . . . 1 Secondary . | . . . . . . . . . . . . Self-Inflicted Damage 297 | . . . 40 129 . 15 . . 44 . 69 Shots 11 | . . . 1 5 . 2 . . 1 . 2 Rammed . | . . . . . . . . . . . . Targets Rammed . | . . . . . . . . . . . . Kicked . | . . . . . . . . . . . . Crushed . | . . . . . . . . . . . . Highest Temperature 305 | . . 1 50 252 . 305 25 21 2 . 96 Average Temperature 58 | . . 1 15 77 . 86 5 16 1 . 20 Received Heat Transfer 594 | . 60 45 27 60 . 108 81 12 . . 201 Siege Activations . | . . . . . . . . . . . . Robots Corrupted . | . . . . . . . . . . . . Combat Hostiles . | . . . . . . . . . . . . Parts Fried 4 | . . 1 1 . . . . . . 2 . Impact Corruptions 3 | . . . . . . . . . . 2 1 Robots Melted . | . . . . . . . . . . . . Combat Hostiles . | . . . . . . . . . . . . Parts Melted . | . . . . . . . . . . . . Heat Transferred 675 | . . . 25 150 . 275 . . . . 225 Parts Sabotaged . | . . . . . . . . . . . . Parts Stolen . | . . . . . . . . . . . . Parts Stripped . | . . . . . . . . . . . . Power Chain Reactions . | . . . . . . . . . . . . Missiles Intercepted . | . . . . . . . . . . . . Alert | -11 -10 -9 -9 -9 -8 -8 -7 -7 -7 -7 -6 ------- Run | Scr Mat Mat Sto Gar Mat Gar Fac Low Low Dat Pro Peak Influence 1265 | . 35 201 609 1265 664 922 559 . . . . Initial 616 | . . 14 84 267 616 431 483 . . . . Average 530 | . 20 116 251 752 628 702 537 . . . . Maximum Alert Level 4 | . . 1 2 4 2 3 2 . . . . Low Security (%) 20 | 100 100 88 56 . . . . . . . . Level 1 6 | . . 11 20 7 . . . . . . . Level 2 46 | . . . 23 36 100 45 100 . . . . Level 3 22 | . . . . 41 . 54 . . . . . Level 4 3 | . . . . 14 . . . . . . . Level 5 . | . . . . . . . . . . . . High Security . | . . . . . . . . . . . . Max Security . | . . . . . . . . . . . . Squads Dispatched 7 | . . . 4 . . . 3 . . . . Investigation 2 | . . . . . . . 2 . . . . Extermination 1 | . . . . . . . 1 . . . . Reinforcement 2 | . . . 2 . . . . . . . . Assault 1 | . . . 1 . . . . . . . . Garrison 1 | . . . 1 . . . . . . . . Intercept . | . . . . . . . . . . . . Searches Triggered . | . . . . . . . . . . . . Construction Impeded . | . . . . . . . . . . . . Haulers Reinforced . | . . . . . . . . . . . . Active Scanning Responses . | . . . . . . . . . . . . Cargo Convoy Interrupts . | . . . . . . . . . . . . Stealth | -11 -10 -9 -9 -9 -8 -8 -7 -7 -7 -7 -6 --------- Run | Scr Mat Mat Sto Gar Mat Gar Fac Low Low Dat Pro Distress Signals 7 | . 3 2 2 . . . . . . . . Communications Jammed . | . . . . . . . . . . . . Distress Signals . | . . . . . . . . . . . . Times Spotted 100 | . 7 9 21 23 1 9 4 1 4 4 17 Peak Tracking Total 7 | . 7 7 5 4 1 3 2 1 1 4 7 Tactical Retreats 1 | . . 1 . . . . . . . . . Traps | -11 -10 -9 -9 -9 -8 -8 -7 -7 -7 -7 -6 ------- Run | Scr Mat Mat Sto Gar Mat Gar Fac Low Low Dat Pro Traps Triggered 8 | . . . . 1 . 7 . . . . . Indirectly . | . . . . . . . . . . . . Trap Hack Attempts . | . . . . . . . . . . . . Triggered . | . . . . . . . . . . . . Disarmed . | . . . . . . . . . . . . Reprogrammed . | . . . . . . . . . . . . Reused . | . . . . . . . . . . . . Traps Extracted . | . . . . . . . . . . . . Installed . | . . . . . . . . . . . . Triggered . | . . . . . . . . . . . . Machines | -11 -10 -9 -9 -9 -8 -8 -7 -7 -7 -7 -6 ---------- Run | Scr Mat Mat Sto Gar Mat Gar Fac Low Low Dat Pro Machines Disabled 23 | . . . 2 12 . 4 2 . 2 1 . Max in Single Turn 3 | . . . 1 3 . 2 1 . 1 1 . Garrison Access 1 | . . . . . . . 1 . . . . Garrison Relay 5 | . . . . 3 . 2 . . . . . Machines Sabotaged . | . . . . . . . . . . . . Garrisons Compromised . | . . . . . . . . . . . . Overloaded Fab Kills . | . . . . . . . . . . . . Hacking | -11 -10 -9 -9 -9 -8 -8 -7 -7 -7 -7 -6 --------- Run | Scr Mat Mat Sto Gar Mat Gar Fac Low Low Dat Pro Machines Accessed 19 | . 2 . 5 . 1 1 4 1 1 4 . Terminals 10 | . 2 . 4 . . 1 3 . . . . Fabricators . | . . . . . . . . . . . . Repair Stations . | . . . . . . . . . . . . Recycling Units . | . . . . . . . . . . . . Scanalyzers . | . . . . . . . . . . . . Garrison Access 3 | . . . 1 . 1 . 1 . . . . Total Hacks 68 | . 5 . 7 . 1 1 21 1 1 31 . Successful 59 | . 2 . 5 . 1 1 17 1 1 31 . Failed 8 | . 3 . 2 . . . 3 . . . . Catastrophic 1 | . 1 . . . . . . . . . . Database Lockouts 1 | . . . . . . . 1 . . . . Manual 13 | . . . 2 . . . 11 . . . . Terminals 32 | . 5 . 6 . . 1 20 . . . . Fabricators . | . . . . . . . . . . . . Repair Stations . | . . . . . . . . . . . . Recycling Units . | . . . . . . . . . . . . Scanalyzers . | . . . . . . . . . . . . Garrison Access 3 | . . . 1 . 1 . 1 . . . . Terminal Hacks 53 | . 2 . 4 . . 1 13 1 1 31 . Record 11 | . . . . . . . . . . 11 . Part Schematic 12 | . . . . . . . . . . 12 . Robot Schematic 5 | . . . . . . . . . . 5 . Robot Analysis 4 | . 1 . . . . . 3 . . . . Prototype ID Bank 6 | . . . . . . . 3 . . 3 . Open Door 5 | . . . 3 . . . . 1 1 . . Branch Access Points 1 | . . . . . . . 1 . . . . Terminal Index 1 | . . . . . . . 1 . . . . Fabricator Index 1 | . . . . . . . 1 . . . . Unreport Threat 1 | . . . 1 . . . . . . . . Security Status 1 | . . . . . . . 1 . . . . Patrol Status 1 | . . . . . . . 1 . . . . Assault Status 1 | . . . . . . . 1 . . . . Registered Components 1 | . . . . . . . 1 . . . . Zone Layout 1 | . 1 . . . . . . . . . . Patrol Navigation 1 | . . . . . . 1 . . . . . Fabricator Hacks . | . . . . . . . . . . . . Repair Station Hacks . | . . . . . . . . . . . . Recycling Unit Hacks . | . . . . . . . . . . . . Scanalyzer . | . . . . . . . . . . . . Garrison Access Hacks 3 | . . . 1 . 1 . 1 . . . . Unlock Access 2 | . . . 1 . 1 . . . . . . Seal Access 1 | . . . . . . . 1 . . . . Unauthorized Hacks 3 | . . . . . . . 3 . . . . Terminals 3 | . . . . . . . 3 . . . . Botnet 2 | . . . . . . . 2 . . . . Operators 1 | . . . . . . . 1 . . . . Fabricators . | . . . . . . . . . . . . Repair Stations . | . . . . . . . . . . . . Recycling Units . | . . . . . . . . . . . . Scanalyzers . | . . . . . . . . . . . . Garrison Access . | . . . . . . . . . . . . Data Cores Recovered . | . . . . . . . . . . . . Used . | . . . . . . . . . . . . Hacking Detections 9 | . 2 . 3 . 1 . 3 . . . . Full Trace Events 1 | . . . . . . . 1 . . . . Feedback Events . | . . . . . . . . . . . . Feedback Blocked . | . . . . . . . . . . . . Robot Schematics Acquired 5 | . . . . . . . . . . 5 . Robots Built . | . . . . . . . . . . . . Authchips . | . . . . . . . . . . . . Time . | . . . . . . . . . . . . Total Robot Build Rating . | . . . . . . . . . . . . Part Schematics Acquired 12 | . . . . . . . . . . 12 . Parts Built . | . . . . . . . . . . . . Authchips . | . . . . . . . . . . . . Time . | . . . . . . . . . . . . Total Part Build Rating . | . . . . . . . . . . . . Parts Repaired . | . . . . . . . . . . . . Time . | . . . . . . . . . . . . Parts Recycled . | . . . . . . . . . . . . Recycled Matter . | . . . . . . . . . . . . Retrieved Matter . | . . . . . . . . . . . . Retrieved Components . | . . . . . . . . . . . . Parts Scanalyzed . | . . . . . . . . . . . . Part Schematics Acquired . | . . . . . . . . . . . . Parts Damaged . | . . . . . . . . . . . . Bothacking | -11 -10 -9 -9 -9 -8 -8 -7 -7 -7 -7 -6 ------------ Run | Scr Mat Mat Sto Gar Mat Gar Fac Low Low Dat Pro Used RIF Installer 4 | . . . . 2 . 2 . . . . . Threat Obfuscator 1 | . . . . . . 1 . . . . . Signal Jammer 1 | . . . . . . 1 . . . . . Patrol Navigation 1 | . . . . 1 . . . . . . . Robots Hacked 12 | . . . . . 2 . 4 . 1 . 5 Non-combat 5 | . . . . . 2 . 3 . . . . Combat 7 | . . . . . . . 1 . 1 . 5 Robot Hacks Applied 12 | . . . . . 2 . 4 . 1 . 5 ignore_repairs 2 | . . . . . . . 2 . . . . overwrite_iff 4 | . . . . . . . . . . . 4 formatsys_low 3 | . . . . . 2 . 1 . . . . formatsys_high 3 | . . . . . . . 1 . 1 . 1 Relay Couplers Released 20 | . . . . 12 . 8 . . . . . Machine Destruction 20 | . . . . 12 . 8 . . . . . Attached 8 | . . . . . 1 . 2 . 2 . 3 Fabnet Peak Effective % . | . . . . . . . . . . . . Robots Rewired 11 | . . . . 4 . 3 . . 4 . . Allies Hacked . | . . . . . . . . . . . . Hacks Repelled . | . . . . . . . . . . . . Allies | -11 -10 -9 -9 -9 -8 -8 -7 -7 -7 -7 -6 -------- Run | Scr Mat Mat Sto Gar Mat Gar Fac Low Low Dat Pro Total Allies 22 | . . . 1 4 2 3 2 . 5 . 5 Largest Group 15 | . . . 1 4 6 9 11 10 15 14 4 Highest-Rated Group 354 | . . . 100 84 109 138 182 156 354 340 84 Highest-Rated Ally 100 | . . . 100 21 21 21 23 22 85 85 29 Total Orders 22 | . . . . . 2 6 1 . . 13 . STAY 8 | . . . . . . 2 . . . 6 . FOLLOW 9 | . . . . . 1 2 . . . 6 . AID 3 | . . . . . . 1 1 . . 1 . DROP 1 | . . . . . 1 . . . . . . COLLECT 1 | . . . . . . 1 . . . . . Ally Attacks 130 | . . . 32 . 2 6 12 . 9 63 6 Total Damage 2982 | . . . 1030 . 33 136 183 . 128 1409 63 Kills 25 | . . . 15 . 1 2 3 . . 3 1 Allies Corrupted 1 | . . . . . . . . . . . 1 Allies Melted . | . . . . . . . . . . . . Intel | -11 -10 -9 -9 -9 -8 -8 -7 -7 -7 -7 -6 ------- Run | Scr Mat Mat Sto Gar Mat Gar Fac Low Low Dat Pro Robot Analysis Total 4 | . 1 . . . . . 3 . . . . Derelict Logs Recovered 3 | . . . . . . . . 1 1 . 1 Drone Launches . | . . . . . . . . . . . . Drone Recoveries . | . . . . . . . . . . . . Exploration | -11 -10 -9 -9 -9 -8 -8 -7 -7 -7 -7 -6 ------------- Run | Scr Mat Mat Sto Gar Mat Gar Fac Low Low Dat Pro Turns Passed 3433 | 14 74 128 412 560 93 452 395 345 290 285 385 Spaces Moved 3633 | 22 132 122 378 672 97 418 347 583 412 208 242 Core 144 | 22 81 . . . . . . . . 3 38 Treads 4 | . . . . . . . . . . . 4 Legs 308 | . . . . 59 . . . . . 49 200 Wheels . | . . . . . . . . . . . . Hover 3177 | . 51 122 378 613 97 418 347 583 412 156 . Flight . | . . . . . . . . . . . . Fastest Speed 50 | 50 50 56 52 52 52 52 52 52 52 52 50 Average Speed 65 | 50 53 59 54 63 63 59 84 52 52 91 113 Slowest Speed 550 | 50 60 60 56 260 116 116 116 52 52 550 190 Overloaded Moves . | . . . . . . . . . . . . Propulsion Burnouts . | . . . . . . . . . . . . Robots Hopped . | . . . . . . . . . . . . Cave-ins Triggered . | . . . . . . . . . . . . Exploration Rate (%) 40 | 4 37 13 68 65 13 36 13 66 51 78 39 Regions Visited 11 Branch Regions 5 Pre-discovered Areas 2 | . . . . . . . . . 1 1 . Known Exits Taken 3 | . . . 1 . 1 . 1 . . . . Unknown Exits Taken 6 | 1 1 1 . . . . . 1 1 1 . Scrap Searched 5 | . . . . . . . . 5 . . . Spaces Dug 6 | . . . . . . . 3 . 3 . . Terrain Destroyed 313 | . . . 22 124 21 41 4 19 43 6 33 Melee . | . . . . . . . . . . . . Projectile 20 | . . . . 2 . . 4 . 3 6 5 AOE 293 | . . . 22 122 21 41 . 19 40 . 28 Terrain Rammed . | . . . . . . . . . . . . Walls Destroyed . | . . . . . . . . . . . . Machines Disabled . | . . . . . . . . . . . . Actions | -11 -10 -9 -9 -9 -8 -8 -7 -7 -7 -7 -6 --------- Run | Scr Mat Mat Sto Gar Mat Gar Fac Low Low Dat Pro Total 4441 | 23 133 154 568 760 122 582 428 622 466 274 309 Wait 374 | . . . 144 19 14 67 43 28 23 30 6 Move 3624 | 21 131 121 378 671 97 417 346 582 411 207 242 Hop . | . . . . . . . . . . . . Pick Up 34 | 1 1 4 3 9 . 1 5 4 . 3 3 Fast Attach 36 | 1 1 5 12 4 1 . 1 1 2 3 5 Attach 17 | . . . 3 1 1 1 4 . . 3 4 Detach 5 | . . . 2 . . . 2 . . 1 . Swap 24 | . . . 2 3 1 3 3 1 5 4 2 Drop 25 | . . 3 11 2 . . 1 4 1 . 3 Fire 217 | . . 21 13 38 7 32 22 2 24 17 41 Melee 9 | . . . . . . . . . . 6 3 Ram . | . . . . . . . . . . . . Kick . | . . . . . . . . . . . . Crush . | . . . . . . . . . . . . Escape Stasis 74 | . . . . 13 . 61 . . . . . Rewire 2 | . . . . . 1 . 1 . . . . Trap . | . . . . . . . . . . . . Miscellaneous . | . . . . . . . . . . . . Route ------- -11/Scrapyard -10/Materials -9/Materials -9/Storage -9/Garrison (discovered 2 exits: *Mat x2) -8/Materials -8/Garrison -7/Factory (discovered 2 exits: *Low x2) -7/Lower Caves -7/Lower Caves -7/Data Miner -6/Proximity Caves History --------- Turn | Location | Event 7 | -11/Scrapyard | Discovered new exit (range 15) 15 | -11/Scrapyard | Entered Materials 61 | -10/Materials | Discovered new exit (range 15) 89 | -10/Materials | Entered another Materials area 89 | -9/Materials | Evolved 2 slots: Propulsion x1, Utility x1 170 | -9/Materials | Discovered new exit (range 15) 217 | -9/Materials | Entered Storage 397 | -9/Storage | Met 01-MTF 502 | -9/Storage | Build established: Hacker-Mutant 532 | -9/Storage | Garrison activated, responded to threat 597 | -9/Storage | Destroyed 01-MTF 617 | -9/Storage | First assault squad dispatched 629 | -9/Storage | Identified exit to Garrison 629 | -9/Storage | Entered Garrison 662 | -9/Garrison | Triggered checkpoint 698 | -9/Garrison | Triggered checkpoint 698 | -9/Garrison | Discovered new exit (range 12) 719 | -9/Garrison | Installed Relay Interface Framework 746 | -9/Garrison | Triggered checkpoint 816 | -9/Garrison | Triggered checkpoint 904 | -9/Garrison | Expanded RIF knowledge: Patrol Navigation 952 | -9/Garrison | Discovered new exit (range 15) 990 | -9/Garrison | Triggered checkpoint 1020 | -9/Garrison | Garrison Relay disabled 1070 | -9/Garrison | Garrison Relay disabled 1099 | -9/Garrison | Triggered checkpoint 1148 | -9/Garrison | Triggered checkpoint 1152 | -9/Garrison | Garrison Relay disabled 1189 | -9/Garrison | Entered Materials 1189 | -8/Materials | Accompanied by 4 allies 1189 | -8/Materials | Evolved 2 slots: Utility x2 1282 | -8/Materials | Identified exit to Garrison 1282 | -8/Materials | Entered Garrison 1282 | -8/Garrison | Accompanied by 6 allies 1324 | -8/Garrison | Triggered checkpoint 1354 | -8/Garrison | Build established: Bothacker-Mutant 1355 | -8/Garrison | Triggered checkpoint 1392 | -8/Garrison | Expanded RIF knowledge: Signal Jamming 1474 | -8/Garrison | Triggered checkpoint 1476 | -8/Garrison | Triggered checkpoint 1567 | -8/Garrison | Triggered checkpoint 1587 | -8/Garrison | Garrison Relay disabled 1595 | -8/Garrison | Expanded RIF knowledge: Threat Obfuscation 1679 | -8/Garrison | Discovered new exit (range 12) 1696 | -8/Garrison | Triggered checkpoint 1712 | -8/Garrison | Heavy support dispatched to Factory 1734 | -8/Garrison | Entered Factory 1734 | -7/Factory | Accompanied by 9 allies 1734 | -7/Factory | Evolved 2 slots: Utility x1, Weapon x1 1739 | -7/Factory | Identified exit to Lower Caves 1744 | -7/Factory | Central database locked down 2032 | -7/Factory | Build established: Commander-Mutant 2129 | -7/Factory | Entered Lower Caves 2129 | -7/Lower Caves | Accompanied by 10 allies 2165 | -7/Lower Caves | Learned 4 Factory zone layouts 2365 | -7/Lower Caves | Attracted the attention of an 0b10 checkpoint 2374 | -7/Lower Caves | Discovered new exit (range 9) 2474 | -7/Lower Caves | Entered another Lower Caves area 2474 | -7/Lower Caves | Accompanied by 10 allies 2476 | -7/Lower Caves | Learned location of Zion (-6) 2519 | -7/Lower Caves | Spotted B-75 Beast 2523 | -7/Lower Caves | Assimilated Beast 4a with formatsys_high 2579 | -7/Lower Caves | Encountered a Warlord checkpoint 2614 | -7/Lower Caves | Attacked by a delusional Derelict stockpiling Unaware 2718 | -7/Lower Caves | Discovered new exit (range 5) 2764 | -7/Lower Caves | Entered Data Miner 2764 | -7/Data Miner | Accompanied by 14 allies 2764 | -7/Data Miner | Discovered new exit (range 6) 2774 | -7/Data Miner | Met Data Miner 2844 | -7/Data Miner | Learned location of Section 7 (-3) 2844 | -7/Data Miner | Acquired the access code to Warlord's prototype stash 2854 | -7/Data Miner | Received God Mode back door access code from Data Miner 2864 | -7/Data Miner | Data Conduit disabled 2959 | -7/Data Miner | Lost 4 parts (3n1u) 2968 | -7/Data Miner | Found Prototype Device 2968 | -7/Data Miner | Identified Exp. Thermal Shield 3049 | -7/Data Miner | Entered Proximity Caves 3049 | -6/Proximity Caves | Accompanied by 4 allies 3110 | -6/Proximity Caves | Core integrity fell below 50% 3143 | -6/Proximity Caves | Attracted the attention of an 0b10 checkpoint 3172 | -6/Proximity Caves | Lost 7 parts (1p2n1u3w) 3254 | -6/Proximity Caves | Learned Factory non-interactive machine intel 3339 | -6/Proximity Caves | Spotted B-75 Beast 3397 | -6/Proximity Caves | Core integrity fell below 20% 3434 | -6/Proximity Caves | Destroyed by B-75 Beast with Heavy Machine Gun Last Messages --------------- 03377_ Med. Storage Unit destroyed. 03378_ Acquired Relay Coupler [Swarmer]. 03381_ Remote Datajack destroyed. 03386_ Lgt. Angular Momentum Engine destroyed. 03390_ Carbon-fiber Leg destroyed. 03393_ Ion Burst Cannon destroyed. 03393_ Destroyed Lgt. Nuclear Core. 03393_ S-27 Virus system corrupted by crushing effect. 03394_ S-27 Virus system terminally corrupted. 03396_ S-27 Virus destroyed. 03400_ Enh. Flexi-carbon Leg destroyed. 03403_ Autogun fries itself beyond repair. 03408_ VTOL Module fries itself beyond repair. 03412_ Exp. Thermal Shield destroyed. 03412_ Core Analyzer destroyed. 03412_ Critical hit (Blast). 03412_ Lgt. Treads destroyed. 03413_ Dropped Mak. Armor Plating. 03414_ Dropped Hvy. Flail. 03414_ Dropped Hvy. Plasma Cannon. Map ----- +----------------------------------------------------+ | ?????????????????????????????????????????????????? | | ?????????????????????????????????????????????????? | | ?????????????????????????????????????????????????? | | ?????????????????????????????????????????????????? | | ?????????????????????????????????????????????????? | | ?????????????????????????????????????????????????? | | ?????????????????????????????????????????????????? | | ?????????????????????????????????????????????????? | | ??????????????????#######????????????????????????? | | ??????????????????# ##??###??????????????????? | | ??????????????????# ### #??????????????????? | | ??????????????##### #??????????????????? | | ##?????######## #??????????????????? | | ##????# #??????????????????? | | #?????# ## ##??????????????????? | | ##????## ######?##???????????????????? | | ##????# ##??????????????????????????? | | ##?#### ##### #??????????????????????????? | | #?# ##????#### ##########?????????????????? | | ####?# ######""" "" #?????????????????? | | ##???# % /! "" ##?????????????????? | | ####" % ] % ##??????????????????? | | "" % % %%% #???????????????????? | | !/ B ## #???????????????????? | | [ B ## ###???????????????????? | | % %@ #?????????????????????? | | ### ## %# % #????????????????????? | | ##?## ### ## #???????????????????? | | ##???### ##?# #### #???????????????????? | | ##??????## #??######???# #??????????????????? | | #????????# #??????????? %#??????????????????? | | #????????## ##??????????? ##??????????????????? | | ?????????###????????????%%#???????????????????? | | ????????????????????????% ???????????????????? | | # ????????????????????????? ???????????????????? | | ? ?????????????????????????? ??????????????????? | | ?#?????????????????????????? #??????????????????? | | ?????????????????????????????##??????????????????? | | ?????????????????????????????????????????????????? | | ?????????????????????????????????????????????????? | | ?????????????????????????????????????????????????? | | ?????????????????????????????????????????????????? | | ?????????????????????????????????????????????????? | | ?????????????????????????????????????????????????? | | ?????????????????????????????????????????????????? | | ?????????????????????????????????????????????????? | | ?????????????????????????????????????????????????? | | ?????????????????????????????????????????????????? | | ?????????????????????????????????????????????????? | | ?????????????????????????????????????????????????? | +----------------------------------------------------+ Best States ------------- Heat Dissipation 38 Energy Generation 18 Energy Capacity 640 Matter Stores 300 Matter Capacity 300 Sight Range 16 Terrain Scan Density 10 Armor Coverage 100 Resistance: TH 30 Evasion (%) 62 Targeting Accuracy 6 Melee Accuracy 5 Core Analysis 6 Recoil Reduction 1 Salvage Targeting 1 Offensive Hacking 40 Relay Coupler Types 2 Relay Coupler Value 53 Item Schematics ----------------- Combat Drone Bay | -7/Data Miner | Free Lgt. Regenerative Plating | -7/Data Miner | Free Cld. Aerolev Unit | -7/Data Miner | Free Gravity Neutralizer | -7/Data Miner | Free Imp. Heavy Machine Gun | -7/Data Miner | Free Hvy. Treads | -7/Data Miner | Free Imp. Component Analysis Suite | -7/Data Miner | Free Variable Charge Gun | -7/Data Miner | Free Fusion Compressor | -7/Data Miner | Free Imp. System Guard | -7/Data Miner | Free HERF Cannon | -7/Data Miner | Free Imp. Launcher Guidance Computer | -7/Data Miner | Free Robot Schematics ------------------ R-10 Processor | -7/Data Miner | Free H-55 Commando | -7/Data Miner | Free G-47 Trooper | -7/Data Miner | Free L-41 Fighter | -7/Data Miner | Free A-15 Conveyor | -7/Data Miner | Free Fabricated ------------ Nothing Alien Tech Used ----------------- None Achievements -------------- None Challenges ------------ None Game ------ Seed CatalystMetafiberField Manual? 1 Play Time 00:55:17 Cumulative 313.2 hours Start 2022.08.12 @ 20:57:48 End 2022.08.13 @ 10:54:59 Sessions 3 Manual Loads 0 Difficulty Rogue Special Mode None Game No. 153 Rogue 149 Adventurer 0 Explorer 4 Win Type - Total 16 Types 4/0/2/4/1/2/3/0/0 Lore% 77 Gallery% 84 Achievement% 75 Wizard Run 0 Options --------- ASCII 0 Keyboard 0 Movement Mouse Keybinds 0 Fullscreen 1 Font 18/SmallcapsGlow Map View 76x50 Tactical HUD 1 Map Filters NONE Filters NONE Steam 1 RUN: 01b55901-be5e-479f-87e0-97f7d19868bd